Map: Echo LE (Void)

Players

Fropez - Winner!

  • Race: Protoss Protoss
  • League: Gold
  • Spawn Location: 11:00

GARODT

  • Race: Terran Terran
  • League: Platinum
  • Spawn Location: 5:00

VOD

Have the link to the VOD?

Description

Time

  • Played on: Dec. 9, 2016, 12:19 p.m.
  • Length: 12:34
Show
View Real Time Build Order
Export as new Build Order

Fropez Protoss - Winner!

Build Orders: Nexus First 

Get SALT Encoding   

  12  0:01  Probe (Chrono Boost)  
  13  0:20  Pylon, Probe (Chrono Boost)  
  14  0:30  Probe (Chrono Boost)  
  15  0:41  Probe (Chrono Boost)  
  16  0:58  Nexus  
  16  0:59  Probe (Chrono Boost)  
  17  1:15  Pylon, Probe (Chrono Boost)  
  18  1:19  Assimilator  
  18  1:25  Gateway  
  18  1:28  Probe (Chrono Boost)  
  19  1:38  Probe (Chrono Boost)  
  20  1:43  Pylon  
  20  1:52  Probe (Chrono Boost), Assimilator  
  21  2:06  Probe (Chrono Boost)  
  22  2:12  Probe (Chrono Boost), Gateway  
  22  2:13  Assimilator  
  23  2:18  Probe (Chrono Boost)  
  24  2:33  Probe (Chrono Boost)  
  24  2:35  Cybernetics Core  
  23  2:40  Zealot (Chrono Boost)  
  23  2:41  Probe  
  23  3:13  Mothership Core (Chrono Boost)  
  23  3:14  Warp Gate (Chrono Boost)  
  24  3:31  Probe (Chrono Boost)  
  25  3:46  Probe x2  
  25  3:47  Stalker  
  28  3:56  Stalker  
  28  4:00  Twilight Council  
  28  4:02  Probe  
  31  4:04  Pylon  
  31  4:16  Pylon  
  31  4:17  Stalker  
  31  4:20  Pylon  
  33  4:24  Assimilator  
  33  4:27  Probe  
  33  4:29  Probe  
  37  4:42  Probe  
  37  4:43  Probe  
  39  4:51  Resonating Glaives (Chrono Boost)  
  37  5:01  Probe  
  37  5:03  Probe  
  37  5:06  Adept x2  
  43  5:27  Pylon, Probe  
  44  5:30  Adept  
  44  5:32  Pylon  
  44  5:35  Pylon  
  46  5:43  Adept  
  48  5:50  Probe  
  48  5:53  Adept, Probe  
  48  5:55  Forge  
  52  6:02  Probe  
  52  6:04  Adept  
  55  6:17  Probe  
  55  6:18  Probe  
  56  6:19  Pylon  
  56  6:23  Adept  
  56  6:24  Adept  
  61  6:31  Protoss Ground Weapons Level 1 (Chrono Boost)  
  61  6:34  Probe x2  
  63  6:45  Probe  
  63  6:46  Probe  
  65  6:55  Probe  
  65  6:56  Stalker x2  
  65  6:58  Probe  
  65  7:00  Blink  
  71  7:07  Gateway  
  71  7:51  Adept x2  
  63  8:00  Robotics Facility  
  63  8:02  Robotics Facility  
  63  8:05  Adept  
  65  8:10  Probe  
  65  8:11  Probe  
  67  8:13  Nexus  
  67  8:14  Adept  
  67  8:15  Adept, Pylon  
  71  8:28  Pylon  
  71  8:30  Pylon, Sentry  
  71  8:33  Protoss Ground Weapons Level 2 (Chrono Boost)  
  73  8:36  Probe  
  73  8:38  Probe, Gateway  
  75  8:41  Stalker x2  
  75  8:46  Gateway  
  75  8:47  Probe  
  75  8:48  Observer (Chrono Boost)  
  80  8:50  Probe  
  82  8:56  Immortal (Chrono Boost)  
  86  9:06  Sentry  
  86  9:07  Sentry x2  
  86  9:09  Probe  
  93  9:12  Probe  
  94  9:21  Probe  
  94  9:24  Pylon, Probe  
  95  9:26  Probe  
  95  9:27  Pylon  
  97  9:34  Probe  
  97  9:35  Probe  
  107  9:39  Immortal x2 (Chrono Boost)  
  107  9:42  Sentry x2  
  111  9:47  Stalker  
  113  10:00  Photon Cannon  
  113  10:03  Photon Cannon  
  113  10:05  Pylon, Probe  
  114  10:14  Photon Cannon  
  112  10:17  Stalker x3  
  112  10:20  Warp Prism (Chrono Boost)  
  120  10:29  Assimilator  
  120  10:32  Assimilator  
  120  10:34  Dark Shrine  
  120  10:42  Adept x5  
  130  10:49  Probe  
  130  10:50  Probe x2  
  133  11:04  Adept x2  
  133  11:05  Adept x2  
  133  11:06  Adept  
  143  11:31  Adept  
  143  11:32  Adept x4  
  139  12:13  Stalker  
  139  12:14  Stalker x4  
Show
View Real Time Build Order
Export as new Build Order

GARODT Terran 

Build Orders: Reaper Expand, MMM Bio 

Get SALT Encoding   

  12  0:01  SCV  
  13  0:13  SCV  
  14  0:19  Supply Depot  
  14  0:25  SCV  
  15  0:29  Refinery  
  15  0:42  Barracks  
  15  0:46  SCV  
  16  0:58  SCV  
  17  1:10  SCV  
  18  1:22  SCV  
  19  1:29  Reaper  
  20  1:38  Command Center  
  20  1:45  SCV  
  21  1:56  Supply Depot  
  21  1:59  SCV, Refinery  
  22  2:05  Barracks Reactor  
  22  2:11  SCV  
  23  2:54  Marine x2  
  25  3:12  Marine x2  
  27  3:30  Marine x2  
  29  3:47  Marine  
  29  3:48  Marine, SCV  
  32  4:00  SCV  
  33  4:05  Barracks  
  33  4:06  Orbital Command, Barracks  
  33  4:07  Barracks  
  33  4:12  SCV  
  33  4:13  Marine x2  
  37  4:24  SCV  
  37  4:25  Factory  
  37  4:31  Marine  
  38  4:32  Supply Depot  
  38  4:33  Supply Depot  
  38  4:35  Refinery  
  38  4:36  SCV  
  39  4:45  Engineering Bay  
  39  4:48  SCV, Command Center  
  40  4:58  Refinery  
  40  5:00  SCV  
  40  5:01  Barracks Tech Lab  
  39  5:09  Marine x4  
  39  5:12  SCV  
  44  5:24  Marine, SCV  
  44  5:27  Marine  
  44  5:28  Stimpack  
  47  5:30  Factory Tech Lab, Starport  
  47  5:31  SCV  
  48  5:36  SCV  
  48  5:43  Marine x4  
  53  5:57  Orbital Command  
  53  5:58  Supply Depot  
  53  5:59  Supply Depot  
  53  6:02  Siege Tank  
  55  6:08  SCV  
  56  6:13  Terran Infantry Weapons Level 1  
  56  6:19  Engineering Bay  
  56  6:21  SCV  
  56  6:24  SCV  
  58  6:30  Missile Turret  
  58  6:34  SCV  
  58  6:36  SCV  
  58  6:37  Starport Reactor  
  60  6:46  SCV  
  61  6:47  Barracks Reactor x2  
  61  6:49  Starport, SCV x2  
  63  6:58  SCV  
  64  7:06  Missile Turret  
  64  7:09  Supply Depot  
  64  7:10  SCV, Supply Depot  
  64  7:15  Terran Infantry Armor Level 1  
  59  7:23  SCV  
  54  7:41  Planetary Fortress  
  46  7:53  Marine x3  
  46  7:55  SCV x2  
  50  8:02  Marine x3  
  50  8:03  Marauder  
  55  8:07  SCV x2  
  57  8:19  SCV x2  
  59  8:22  Medivac x2  
  59  8:24  Marauder, Starport Tech Lab  
  65  8:28  Armory  
  65  8:31  SCV x2  
  67  8:36  Marine x3  
  70  8:43  SCV x3, Liberator  
  70  8:45  Marauder  
  75  8:54  Supply Depot  
  75  8:55  SCV x2  
  77  8:56  Siege Tank  
  77  8:59  Medivac x2  
  87  9:06  Fusion Core  
  87  9:07  SCV x2  
  89  9:12  Marine, Marauder  
  89  9:13  Combat Shields  
  91  9:20  Marine x3  
  91  9:23  SCV x2  
  96  9:27  Liberator  
  96  9:28  Liberator x2  
  96  9:31  Supply Depot  
  96  9:34  Supply Depot, Marauder  
  96  9:35  SCV  
  108  9:47  Marine  
  109  9:54  SCV x2  
  109  9:55  Marauder  
  113  10:00  Refinery  
  113  10:01  Refinery  
  113  10:06  SCV  
  114  10:16  Marauder  
  116  10:24  Marine x3  
  116  10:25  Marine x3  
  116  10:27  Medivac  
  116  10:28  Medivac  
  126  10:38  Marauder  
  126  10:39  SCV  
  126  10:42  Marine x4  
  133  11:36  SCV  
  133  11:38  Marine, SCV  
  133  11:39  Marine  
  133  11:40  Marine  
  133  11:41  Marine x2  
  133  11:42  Marine  
  133  11:44  Marauder  
  131  11:48  Siege Tank, SCV  
  127  11:56  Marine  
  127  11:57  Marine x2  
  127  11:58  Marine  
  127  11:59  Marine  
  127  12:00  Marine  
  127  12:01  SCV  
  107  12:06  Marauder  
  90  12:13  SCV  
  90  12:14  Marine  
  90  12:15  Marine x2  
  89  12:16  Marine  
Tags
 
Add a new tag
Caveats
  • Supply blocks, unpowered buildings, or Contaminate may cause inaccurate times.
  • Supply counts are checked every 10 seconds.